 Dungeon Crawl Stone Soup version 0.29-a0-559-g359e09b9d1 (webtiles) character file.

Game seed: 18392465141557842056

645993 freelancePsychic the Warrior (level 26, -18/279 HPs)
             Began as a Black Draconian Transmuter on June 9, 2022.
             Was the Champion of Jiyva.
             Demolished by an Orb Guardian (26 damage)
             ... on level 5 of the Realm of Zot.
             The game lasted 02:43:54 (51896 turns).

freelancePsychic the Warrior (DrTm)                Turns: 51896, Time: 02:43:55

Health: -18/279    AC: 32    Str: 14      XL:     26   Next: 62%
Magic:  0/40       EV: 25    Int: 22 (25) God:    Jiyva [******]
Gold:   2727       SH: 17    Dex: 17      Spells: 13/51 levels left

rFire   . . .      SeeInvis .     - Unarmed
rCold   + + +      Faith    .   y - +3 buckler
rNeg    + + .      Spirit   +   (body armour unavailable)
rPois   ∞          Reflect  .   (helmet unavailable)
rElec   +          Harm     .   o - +2 cloak "Hudghi Gest" {rN+ Dex+3}
rCorr   +          Rampage  .   (gloves currently unavailable)
Will    +++..                   (boots currently unavailable)
Stlth   ++++......              V - brooch of Shielding {Spirit SH+8}
HPRegen 1.60/turn               M - ring "Rarofu" {Will+ rCorr EV+4 Int+3 Stlth+}
MPRegen 0.77/turn               i - ring of Tucvath {*Corrode rF+ rC+++ Will+ Stlth+}

@: statue-form, fire vulnerable, flying, very slightly contaminated, inhibited
regen, studying Axes, unable to read, very slow
A: slow and powerful, torment resistance 1, flying, boosted hp, (breathe
lightning), AC +12, unfitting armour, big wings, electricity resistance,
cold-blooded, horns 3, frail 1, screaming 2, inhibited regeneration, wild magic
1, (gelatinous body 3), tendrils, jelly sensing items, inability to read while
threatened, engulf, noise suppression, devolution 1
}: 5/15 runes: decaying, serpentine, slimy, silver, abyssal
a: End Transformation, Renounce Religion, Oozemancy, Slimify


You were on level 5 of the Realm of Zot.
You worshipped Jiyva.
Jiyva was exalted by your worship.
You were a living statue of rough stone.
You visited 12 branches of the dungeon, and saw 57 of its levels.
You visited the Abyss 1 time.
You also visited: Ice Cave and Desolation.

You collected 6078 gold pieces.
You spent 3351 gold pieces at shops.

Inventory:

Hand Weapons
 a - the +3 Elemental Staff {rElec rF++ rC++ AC+5}
   (You bought it in a shop on level 2 of the Vaults)

   If the wielder is skilled in Evocations, they can discharge powerful blasts
   of elemental energy when striking with it.
   It enhances your fire, ice, earth and air magic.
   AC:        It affects your AC (+5).
   rF:        It greatly protects you from fire.
   rC:        It greatly protects you from cold.
   rElec:     It insulates you from electricity.
 G - a +1 demon whip of venom
 I - the +10 longbow of the Gloaming {vorpal, SInv}
   (You found it in an ice cave)

   Any ammunition fired from it inflicts extra damage upon your enemies.
   SInv:      It lets you see invisible.
Missiles
 j - 10 throwing nets
Armour
 k - the +1 pair of boots of Makhleb's Hope (melded) {Int+4 Stlth+}
   (You bought it in a shop on level 1 of the Depths)

   Int:       It affects your intelligence (+4).
   Stlth:     It makes you more stealthy.
 o - the +2 cloak "Hudghi Gest" (worn) {rN+ Dex+3}
   (You found it on level 4 of the Dungeon)

   Dex:       It affects your dexterity (+3).
   rN:        It protects you from negative energy.
 q - a +1 kite shield of positive energy
 x - a +0 pair of gloves (melded)
 y - a +3 buckler (worn)
 P - a +2 hat of willpower
Jewellery
 i - the ring of Tucvath (right fist) {*Corrode rF+ rC+++ Will+ Stlth+}
   (You took it off a deep elf sorcerer on level 5 of the Vaults)

   [ring of protection from fire]

   rF:        It protects you from fire.
   rC:        It renders you almost immune to cold.
   *Corrode:  It may corrode you when you take damage.
   Will:      It increases your willpower.
   Stlth:     It makes you more stealthy.
 w - the amulet "Kaprifan" {RegenMP MP+9}
   (You found it in the Desolation of Salt)

   [amulet of magic regeneration]

   It increases your rate of magic regeneration.
   MP:        It affects your magic capacity (+9).
 J - the ring "Ahon" {Fly rN+ Str+3}
   (You found it on level 3 of the Lair of Beasts)

   [ring of flight]

   Str:       It affects your strength (+3).
   rN:        It protects you from negative energy.
   Fly:       It grants you flight.
 L - the ring of Ziypred {rC+ MP+9 Int+2 Dex-2}
   (You found it in the Desolation of Salt)

   [ring of magical power]

   Int:       It affects your intelligence (+2).
   Dex:       It affects your dexterity (-2).
   rC:        It protects you from cold.
   MP:        It affects your magic capacity (+9).
 M - the ring "Rarofu" (left fist) {Will+ rCorr EV+4 Int+3 Stlth+}
   (You found it on level 5 of the Pits of Slime)

   [ring of evasion]

   EV:        It affects your evasion (+4).
   Int:       It affects your intelligence (+3).
   rCorr:     It protects you from acid and corrosion.
   Will:      It increases your willpower.
   Stlth:     It makes you more stealthy.
 N - a +6 ring of dexterity
 T - the ring of Pawnat {Will+ Stlth+}
   (You took it off a deep elf annihilator on level 3 of the Elven Halls)

   [ring of willpower]

   Will:      It increases your willpower.
   Stlth:     It makes you more stealthy.
 U - a +6 ring of dexterity
 V - the brooch of Shielding (around neck) {Spirit SH+8}
   (You found it on level 6 of the Dungeon)

   [amulet of guardian spirit]

   It causes incoming damage to be divided between your reserves of health and
   magic.
   SH:        It affects your SH (+8).
 W - a +6 ring of dexterity
 X - a ring of protection from cold
 Y - a ring of protection from fire
 Z - a ring of positive energy
Wands
 u - a wand of mindburst (19)
 C - a wand of flame (48)
 F - a wand of paralysis (17)
 H - a wand of iceblast (45)
 O - a wand of polymorph (15)
 S - a wand of acid (10)
Scrolls
 f - 2 scrolls of vulnerability
 g - 5 scrolls of amnesia
 n - 2 scrolls of silence
 p - 2 scrolls of torment
 r - 4 scrolls of enchant weapon
 s - 2 scrolls of fog
 t - 2 scrolls of fear
 B - 16 scrolls of teleportation {@r4}
 D - 5 scrolls of poison
 Q - 14 scrolls of identify {@r1}
Potions
 d - 5 potions of curing {@q1}
 e - 4 potions of brilliance
 h - 4 potions of magic
 l - 7 potions of ambrosia
 m - 3 potions of resistance
 z - 10 potions of lignification
 A - 7 potions of mutation


   Skills:
 - Level 20.0 Fighting
 - Level 1.0 Staves
 + Level 15.8 Dodging
 - Level 7.7 Shields
 * Level 19.7 Unarmed Combat
 + Level 13.4 Spellcasting
 - Level 11.5 Conjurations
 - Level 14.4 Summonings
 - Level 17.2 Translocations
 - Level 14.1 Transmutations
 - Level 8.9 Ice Magic
 - Level 17.1 Air Magic
 - Level 8.1 Earth Magic
 - Level 2.4 Poison Magic


You had 13 spell levels left.
You knew the following spells:

 Your Spells              Type           Power      Damage    Failure   Level
a - Summon Forest         Summ/Tloc      41%        N/A       1%          5
b - Statue Form           Tmut/Erth      46%        N/A       13%         6
c - Lightning Bolt        Conj/Air       39%        1d58      1%          5
d - Freezing Cloud        Conj/Ice/Air   37%        6-21      1%          5
e - Malign Gateway        Summ/Tloc      41%        N/A       11%         7
f - Passwall              Tmut/Erth      58%        N/A       1%          2
g - Ozocubu's Armour      Ice            63%        N/A       1%          3
h - Manifold Assault      Tloc           87%        N/A       1%          5

Your spell library contained the following spells:

 Spells                   Type           Power      Damage    Failure   Level
 Apportation              Tloc           100%       N/A       1%          1
 Beastly Appendage        Tmut           100%       N/A       1%          1
 Freeze                   Ice            100%       1d11      1%          1
 Shock                    Conj/Air       100%       1d9       1%          1
 Sting                    Tmut/Pois      100%       1d8       1%          1
 Summon Small Mammal      Summ           100%       N/A       1%          1
 Poisonous Vapours        Pois/Air       100%       N/A       1%          2
 Static Discharge         Conj/Air       79%        N/A       1%          2
 Wereblood                Tmut           79%        N/A       1%          2
 Frozen Ramparts          Ice            100%       1d12      1%          3
 Gell's Gravitas          Tloc           87%        N/A       1%          3
 Lesser Beckoning         Tloc           87%        N/A       1%          3
 Mephitic Cloud           Conj/Pois/Air  68%        N/A       1%          3
 Portal Projectile        Hex/Tloc       100%       N/A       1%          3
 Spider Form              Tmut/Pois      61%        N/A       1%          3
 Summon Guardian Golem    Hex/Summ       57%        N/A       1%          3
 Swiftness                Air            87%        N/A       1%          3
 Teleport Other           Tloc           87%        N/A       1%          3
 Hailstorm                Conj/Ice       67%        3d14      1%          4
 Ice Form                 Ice/Tmut       71%        N/A       1%          4
 Passage of Golubria      Tloc           87%        N/A       1%          4
 Petrify                  Tmut/Erth      70%        N/A       1%          4
 Blade Hands              Tmut           39%        N/A       1%          5
 Irradiate                Conj/Tmut      37%        3d25      1%          5
 Dispersal                Tloc           43%        N/A       1%          6
 Ensorcelled Hibernation  Hex/Ice        88%        N/A       2%          2
 Conjure Flame            Conj/Fire      51%        6-21      3%          3
 Dazzling Flash           Conj/Hex       100%       N/A       3%          3
 Ignite Poison            Fire/Tmut/Pois 50%        N/A       3%          3
 Corpse Rot               Necr/Pois/Air  54%        N/A       6%          4
 Silence                  Hex/Air        31%        N/A       7%          5
 Sticky Flame             Conj/Fire      51%        2d7       8%          4
 Necrotize                Necr           76%        1d7       9%          1
 Slow                     Hex            76%        N/A       9%          1
 Sublimation of Blood     Necr           19%        N/A       12%         2
 Yara's Violent Unravell  Hex/Tmut       28%        3d12      12%         5
 Summon Hydra             Summ           40%        N/A       17%         7
 Inner Flame              Hex/Fire       19%        N/A       22%         3
 Tukima's Dance           Hex            19%        N/A       22%         3
 Olgreb's Toxic Radiance  Pois           33%        N/A       26%         4
 Metabolic Englaciation   Hex/Ice        22%        N/A       30%         5
 Eringya's Noxious Bog    Tmut/Pois      30%        N/A       34%         6
 Disjunction              Tloc           43%        N/A       36%         8
 Animate Dead             Necr           19%        N/A       54%         4
 Cause Fear               Hex            9%         N/A       54%         4
 Summon Horrible Things   Summ           40%        N/A       73%         8
 Simulacrum               Ice/Necr       22%        N/A       83%         6
 Agony                    Necr           19%        N/A       87%         5
 Haunt                    Necr/Summ      28%        N/A       95%         7
 Discord                  Hex            9%         N/A       100%        8
 Infestation              Necr           9%         N/A       100%        8
 Fire Storm               Conj/Fire      25%        8d7       100%        9


Dungeon Overview and Level Annotations

Branches:
Dungeon (15/15)            Temple (1/1) D:5            Lair (6/6) D:11
  Swamp (4/4) Lair:2        Snake (4/4) Lair:3        Slime (5/5) Lair:6
    Orc (2/2) D:10            Elf (3/3) Orc:2        Vaults (5/5) D:13
  Crypt (3/3) Vaults:2       Tomb (0/3) Crypt:3      Depths (4/4) D:15
    Zot (5/5) Depths:4      IceCv (visited)         Desolation (visited)

Altars:
Ashenzari
Cheibriados
Dithmenos
Elyvilon
Fedhas
Gozag
Kikubaaqudgha
Okawaru
Qazlal
Ru
Trog
Uskayaw
Vehumet
Wu Jian
Yredelemnul
Zin
The Shining One
Beogh
Jiyva
Lugonu

Shops:
D:3 :   D:12 *   Orc:1 [   Orc:2 ([(?   Elf:1 (   Elf:2 :   Snake:1 (
Snake:4 *   Vaults:2 [[*   Vaults:3 (   Vaults:4 ?   Depths:1 [(=   Depths:2 (

Portals:
Hell: Depths:1 Depths:2 Depths:3 Depths:4
Abyss: Lair:6 Crypt:2 Depths:3 Depths:4
Pandemonium: Depths:2
Ziggurat: Depths:4
Trove: Elf:1 (give 11 potions of heal wounds)

Annotations:
D:4 2 transporters, turdburglar's ghost, amateur DEEn
D:5 exclusion: steam dragon
D:12 3 runed translucent doors
D:13 Frances
Lair:1 3 runed translucent doors, exclusion: oklob plant, Pelinal's ghost, journeyman DjWr
Slime:5 Royal Jelly
Elf:1 6 runed translucent doors
Elf:2 3 runed translucent doors
Vaults:4 2 transporters
Depths:1 exclusion: obsidian statue
Zot:4 exclusion: curse toe
Zot:5 exclusion: obsidian statue


Innate Abilities, Weirdness & Mutations

You are a living statue of rough stone.
Your actions are slow, but your melee attacks are powerful.
You are resistant to unholy torment.
You are flying.
Your maximum health is greatly increased.
You are immune to poison.
Your equipment is partially melded.
((You can breathe wild blasts of lightning.))
((Your glossy black scales are hard. (AC +12)))
You cannot fit into any form of body armour.
Your large and strong wings let you fly.
You are resistant to electric shocks. (rElec)
You are cold-blooded and may be slowed by cold attacks.
You have a pair of large horns on your head.
You are frail. (-10% HP)
You frequently scream uncontrollably at your foes.
You do not regenerate when monsters are visible.
Your spells are a little harder to cast, but a little more powerful.
((Your gelatinous body deflects attacks. (AC +3, EV +3)))
You are covered in slimy tendrils that may disarm your opponents.
You have a small jelly attached to you that senses nearby items.
You sometimes lose the ability to read scrolls when taking damage.
Your melee attacks may engulf your foes in ooze.
You passively dampen the noise of your surroundings.
You have hidden genetic defects.


Message History

The Orb Guardian misses you. The Orb Guardian hits you!!
* * * LOW HITPOINT WARNING * * *
Okay, then.
Okay, then.
You barely miss the Killer Klown.
You headbutt the Killer Klown, but do no damage.
The Killer Klown is moderately wounded.
You block the Orb Guardian's attack.
The Killer Klown blinks!
You block the Orb Guardian's attack. The smoke demon gestures at you.
The sticky flame misses you.
The sticky flame misses the Orb Guardian.
The Orb Guardian misses you.
The Orb Guardian hits you but does no damage.
The crimson imp blinks!
The Orb Guardian hits you but does no damage.
The Killer Klown blinks!
The Orb Guardian barely misses you.
Casting: Statue Form (mildly dangerous; 13% risk of failure)
Confirm with . or Enter, or press ? or * to list all spells.
You don't have enough magic to cast this spell.
You feel better. You block the Orb Guardian's attack. x2
The smoke demon closely misses you. The smoke demon misses you. x2
You block the Orb Guardian's attack.
The Orb Guardian hits you but does no damage.
The Killer Klown blinks!
The Orb Guardian hits you!
* * * LOW HITPOINT WARNING * * *
The Orb Guardian hits you but does no damage.
The crimson imp shouts, "Turn tail, thou beslubbering hasty-witted tiler!"
The smoke demon misses you. The smoke demon completely misses you.
The smoke demon closely misses you. The sun demon hits you.
You are engulfed in flames!
* * * LOW HITPOINT WARNING * * *
The Orb Guardian hits you but does no damage.
The Orb Guardian barely misses you.
You pummel the smoke demon!!
You tail-slap the smoke demon, but do no damage.
The smoke demon is severely wounded.
You are no longer corroded.
You block the Orb Guardian's attack. The Orb Guardian hits you!!
You die...

,,,^,,,,,...............*
,,,,,,,,,...........^..▓*
^,,,,,,,,.............▓*
,,,,,,,,,............▓▓
,,,,,,,,,.............▓▓
,,,,,,,,,..^..^........▓▓
,,,,,^,,,...^.^.p.......▓
,,,,,,,,,......XXX......▓
*,,,,,,,,......X8......▓▓
***,,,,,,..§...335....▓▓
****,,,..5.^..4....▓▓
#▓▓▓▓▓▓▓▓▓▓▓##8....▓▓
##..........)†......)#♣
....##................##
..###....^....))....^?.##
.###.....^....?)..$.....#
## #........:.......^...#


You could see a Killer Klown, 4 Orb Guardians, an obsidian statue, a sun demon
(summoned), a rust devil (summoned), a smoke demon (summoned), a crimson imp
(summoned) and a white imp (summoned).

Vanquished Creatures
  2 dread liches (Vaults:5)
  2 orbs of fire (Zot:5)
  An ancient lich (Vaults:2)
  Frederick (Vaults:2)
  The ghost of Ukiefoc the Devastator, an adept DrFE of Vehumet (Vaults:4)
  The ghost of Marixus the Executioner, an adept HOFi of Beogh (Vaults:4)
  A pearl dragon (Depths:4)
  6 golden dragons
  Jorgrun (Snake:1)
  5 tentacled monstrosities
  8 Orb Guardians (Zot:5)
  2 deep elf blademasters (Elf:3)
  4 quicksilver dragons
  6 liches
  The ghost of Yloucecuu the Ninja, a veteran SpEn of Dithmenos (Vaults:2)
  Asterion (Snake:3)
  2 titans (Vaults:5)
  An eldritch tentacle (Crypt:3)
  A deep elf master archer (Elf:3)
  4 ancient champions
  Gastronok (D:12)
  6 death cobs
  A tentacled starspawn (Abyss:5)
  3 shadow dragons
  2 draconian monks (Zot:2)
  5 sphinxes
  9 nagarajas
  4 tengu reavers
  7 storm dragons
  2 revenants
  An iron dragon (Vaults:5)
  Donald (Orc:2)
  4 draconian knights
  10 frost giants
  11 deep elf sorcerers
  2 imperial myrmidons (Desolation)
  3 fire giants
  A cacodemon (Abyss:5)
  A balrug (Depths:1)
  3 ghost moths
  12 vault wardens
  Aizul (Swamp:2)
  2 spectral caustic shrikes (Depths:2)
  6 ghouls
  A curse skull (Crypt:3)
  17 ironbound preservers
  2 deep elf elementalists (Elf:3)
  A juggernaut skeleton (Crypt:3)
  2 orc warlords
  An ophan (Depths:4)
  12 very ugly things
  A draconian annihilator (Zot:5)
  7 ironbound thunderhulks
  2 draconian stormcallers
  2 spriggan defenders (Depths:4)
  4 black draconians
  2 war gargoyles
  A reaper (Crypt:3)
  6 deep elf demonologists
  12 stone giants
  7 vampire knights
  4 yellow draconians
  A pale draconian (Depths:4)
  An entropy weaver (Vaults:1)
  7 bunyips
  5 eleionomae
  4 deep elf annihilators (Elf:3)
  A halazid warlock (Desolation)
  An apis (Depths:4)
  10 dire elephants
  2 red draconians (Zot:1)
  4 green draconians
  3 purple draconians
  6 white draconians
  8 eidola
  3 spark wasps (Depths:4)
  A green death (Depths:1)
  8 deep elf death magi
  7 fire dragons
  14 yaktaur captains
  2 shambling mangroves (Swamp:4)
  12 jiangshi
  5 deep elf high priests
  10 ragged hierophants (Desolation)
  13 ettins
  Josephine (D:15)
  19 vault guards
  A fenstrider witch zombie (Crypt:3)
  22 hydras
  2 rakshasas
  A spriggan zombie (Abyss:5)
  7 servants of whispers (Desolation)
  4 boulder beetles
  2 salamander tyrants (Snake:4)
  A quicksilver dragon skeleton (Vaults:4)
  11 ice dragons
  2 spriggan air magi
  6 peacekeepers
  A hell beast (Depths:1)
  3 ogre magi (Vaults:5)
  An alligator snapping turtle (shapeshifter) (Lair:6)
  5 two-headed ogres
  3 catoblepae
  16 naga warriors
  17 ironbound frosthearts
  3 ghost crabs
  9 anacondas
  8 death yaks
  15 dancing weapons
  14 centaur warriors
  5 alligators
  2 deep troll earth magi
  A nameless horror (Vaults:5)
  2 death knights (Crypt:1)
  2 deep troll shamans
  12 vampire magi
  12 naga sharpshooters
  A titan zombie (Crypt:2)
  3 tengu warriors
  17 thrashing horrors
  10 shock serpents
  3 spriggan berserkers
  The ghost of 2FriedEggs the Frost Mage, a journeyman OpWz of Hepliaklqana (D:12)
  2 hell knights
  3 sun demons
  2 wretched stars (Abyss:5)
  Sonja (Lair:2)
  7 deep elf knights
  A soul eater (Depths:2)
  A titan skeleton (Crypt:3)
  An iron troll (Depths:3)
  20 skeletal warriors
  6 salamander mystics
  Amaemon (Lair:2)
  A spark wasp zombie (Crypt:3)
  A steelbarb worm (shapeshifter) (Depths:3)
  4 goliath frogs
  40 deep trolls
  3 shadow wraiths (Crypt:3)
  A spatial maelstrom (Abyss:5)
  2 sixfirhies
  A death drake (Abyss:5)
  A shadow demon (Abyss:5)
  An anaconda skeleton (Crypt:3)
  14 ironbound convokers
  2 spriggan druids
  A shadow dragon zombie (Depths:3)
  10 flayed ghosts
  14 swamp dragons
  12 deep elf archers
  12 bog bodies
  A bunyip skeleton (Crypt:1)
  10 naga ritualists
  An iron dragon zombie (Crypt:1)
  2 orange crystal statues
  2 wolf spiders
  17 lindwurms
  2 golden dragon skeletons (Depths:3)
  9 phantasmal warriors
  11 harpies
  24 large abominations
  6 necromancers
  23 deep elf pyromancers
  42 ugly things
  6 orc knights
  4 wizards
  19 deep elf zephyrmancers
  10 mana vipers
  A harpy (shapeshifter) (Abyss:5)
  4 will-o-the-wisps
  5 cyclopes
  2 human zombies (Vaults:4)
  8 orc sorcerers (Orc:2)
  14 moths of wrath
  A sphinx skeleton (Vaults:3)
  21 salamanders
  A worldbinder (Abyss:5)
  5 guardian serpents
  An ice statue (IceCv)
  An eleionoma skeleton (Crypt:3)
  A salamander (shapeshifter) (D:14)
  An elephant (shapeshifter) (Vaults:5)
  Joseph (D:8)
  An apocalypse crab (Abyss:5)
  A molten gargoyle (Desolation)
  A dire elephant zombie (Crypt:3)
  13 elephants
  33 black mambas
  26 naga magi
  A water nymph (shapeshifter) (D:15)
  8 smoke demons
  18 vault sentinels
  A hellion (Depths:1)
  13 cane toads
  A centaur skeleton (Crypt:3)
  An orange demon (Lair:2)
  A swamp worm zombie (Crypt:3)
  3 unseen horrors
  2 rime drakes
  A grey draconian zombie (Crypt:1)
  2 kobold demonologists (D:12)
  A white draconian zombie (Crypt:1)
  A spark wasp simulacrum (Depths:3)
  15 komodo dragons
  6 freezing wraiths
  10 ancient zymes
  14 yaktaurs
  An anaconda simulacrum (Crypt:3)
  2 efreet
  2 human skeletons (Vaults:3)
  3 entropy weaver simulacra (IceCv)
  An alligator snapping turtle skeleton (Crypt:3)
  5 tengu conjurers
  A purple draconian skeleton (Crypt:2)
  A minotaur skeleton (Crypt:1)
  9 trolls
  A troll (shapeshifter) (D:14)
  4 polar bears
  A sea snake skeleton (Crypt:1)
  10 hornets
  A harpy zombie (Crypt:3)
  6 tyrant leeches
  A harpy skeleton (Crypt:3)
  14 raiju
  A tarantella (Vaults:2)
  19 small abominations
  43 saltlings (Desolation)
  17 blink frogs
  An ettin zombie (Crypt:2)
  4 dream sheep (Lair:6)
  2 hydra skeletons (Crypt:2)
  8 flying skulls
  17 starcursed masses
  49 yaks
  3 dire elephant simulacra
  3 water elementals
  6 air elementals
  2 ynoxinuls
  7 spriggans
  3 vampires
  13 wraiths
  9 basilisks
  2 fire elementals
  3 steam dragons (Depths:4)
  6 chaos spawn
  8 vampire mosquitoes
  A black mamba skeleton (Crypt:3)
  4 neqoxecs
  Grum (D:8)
  Menkaure (D:6)
  12 swamp worms
  2 acid dragons
  A harpy simulacrum (D:15)
  40 nagas
  10 wargs
  A hell hound (Abyss:5)
  A glowing shapeshifter zombie (Vaults:3)
  13 water moccasins
  A floating eye (shapeshifter) (D:13)
  22 orc warriors
  4 sky beasts
  6 black bears
  2 ice beasts
  2 swamp drakes
  4 centaurs
  A boggart (shapeshifter) (Elf:1)
  14 wolves
  7 ogres
  A manticore skeleton (Crypt:1)
  A swamp dragon skeleton (Crypt:1)
  A snapping turtle skeleton (Crypt:2)
  6 kobold brigands
  10 bullfrogs
  3 necrophages
  A glowing shapeshifter simulacrum (Depths:3)
  5 gnoll sergeants
  4 earth elementals
  4 cane toad simulacra (IceCv)
  3 scorpions
  8 two-headed ogre simulacra (IceCv)
  A warg zombie (Crypt:1)
  A wight (D:6)
  4 elephant simulacra (IceCv)
  A troll skeleton (Crypt:3)
  2 howler monkeys
  2 electric eels (Elf:3)
  11 killer bees
  6 crimson imps (Abyss:3)
  A human simulacrum (Vaults:3)
  11 jellies
  3 hounds
  13 orc priests
  Terence (D:2)
  6 iguanas
  33 orc wizards
  4 troll simulacra (IceCv)
  3 polar bear simulacra
  2 yak simulacra (Lair:6)
  6 spriggan simulacra (IceCv)
  4 wolf simulacra
  An ogre zombie (Crypt:3)
  A mummy (D:6)
  9 adders
  14 gnolls
  8 naga simulacra (IceCv)
  4 river rats
  19 white imps
  5 ufetubi
  A worm (D:2)
  2 dart slugs
  81 orcs
  3 bats
  6 endoplasms
  2 giant cockroaches
  4 goblins
  3 hobgoblins
  2 jackals (D:2)
  29 kobolds
  2 quokkas
  2 ball pythons
  A kobold zombie (Crypt:2)
  6 rats
  5 river rat simulacra (Lair:6)
  A bush (Lair:6)
  2 butterflies (Lair:3)
  2 lurking horrors
  4 starspawn tentacles (Abyss:5)
2021 creatures vanquished.

Vanquished Creatures (collateral kills)
  A dread lich (Crypt:3)
  An orb of fire (Zot:5)
  Mara (Depths:1)
  Boris (twice) (Crypt:3 Depths:2)
  2 curse toes
  Saint Roka (Depths:1)
  An electric golem (Zot:5)
  A tentacled monstrosity (Zot:1)
  3 quicksilver dragons (Zot:1)
  A titan (Vaults:5)
  An eldritch tentacle (Depths:2)
  An ancient champion (Crypt:3)
  2 sphinxes
  A tengu reaver (Vaults:5)
  2 shadow dragons (Vaults:5)
  A draconian monk (Zot:1)
  A frost giant (Depths:3)
  A fire giant (Depths:2)
  A draconian scorcher (Zot:5)
  A draconian knight (Zot:1)
  A cacodemon (Depths:1)
  3 vault wardens
  2 draconian shifters
  A ghoul (Crypt:3)
  2 spectral caustic shrikes (Depths:2)
  13 very ugly things
  A war gargoyle (Vaults:5)
  2 stone giants
  A spriggan defender (Depths:4)
  A reaper (Crypt:3)
  A green draconian (Zot:1)
  2 draconian annihilators
  A vampire knight (Depths:2)
  3 black draconians
  A deep elf annihilator (Vaults:5)
  2 yellow draconians
  A purple draconian (Zot:5)
  A white draconian (Zot:1)
  4 ettins
  A green death (Depths:1)
  12 vault guards (Vaults:5)
  A spriggan air mage (Depths:4)
  A hell beast (Depths:1)
  An ice dragon (Depths:2)
  3 tengu warriors (Depths:2)
  A deep troll shaman (Depths:1)
  A deep troll earth mage (Vaults:5)
  A spriggan berserker (Depths:4)
  A sun demon (Depths:1)
  An iron troll (Depths:2)
  A skeletal warrior (Crypt:1)
  A sixfirhy (Depths:1)
  3 nameless horrors
  A deep troll (Depths:2)
  A bog body (Crypt:3)
  3 phantasmal warriors (Vaults:5)
  2 necromancers
  2 ironbound convokers
  2 wolf spiders (Vaults:5)
  4 moths of wrath
  9 ugly things
  3 smoke demons (Depths:1)
  A rust devil (Depths:1)
  3 vault sentinels
  2 komodo dragons (Lair:2)
  A redback zombie (Crypt:3)
  A bunyip simulacrum (Crypt:3)
  A tormentor (Depths:2)
  A freezing wraith (Vaults:5)
  A minotaur zombie (Crypt:3)
  2 yaktaurs (Vaults:4)
  2 trolls (Depths:1)
  2 red devils (Depths:1)
  A harpy skeleton (Crypt:3)
  A dream sheep (Lair:6)
  A ynoxinul (Depths:1)
  A warg (Depths:1)
  An orc warrior (Depths:1)
  An ettin simulacrum (Crypt:3)
  An ogre (Depths:1)
  A tengu zombie (Crypt:3)
  8 orcs (Depths:1)
  A dart slug zombie (Crypt:3)
159 creatures vanquished.

Vanquished Creatures (others)
  37 eldritch tentacles
  A draconian knight (Zot:5)
  A draconian shifter (Zot:5)
  A stone giant (shapeshifter) (Vaults:5)
  A black draconian (Zot:5)
  A red draconian (Zot:5)
  4 great orbs of eyes
  An ettin (shapeshifter) (Abyss:5)
  An ice dragon (shapeshifter) (Abyss:5)
  2 yaktaur captains (Vaults:3)
  A spriggan air mage (Depths:3)
  A hydra (Lair:3)
  An alligator (Swamp:1)
  An alligator (shapeshifter) (Vaults:5)
  A thrashing horror (Abyss:5)
  A deep elf knight (Elf:1)
  A glowing orange brain (shapeshifter) (Vaults:5)
  A bunyip zombie (Crypt:3)
  6 glowing orange brains
  A deep troll (Depths:2)
  2 deep elf zephyrmancers
  A mana viper (shapeshifter) (D:15)
  A lindwurm (Vaults:1)
  2 ironbound convokers (Vaults:3)
  3 ugly things
  A wizard (Depths:2)
  An orc sorcerer (Orc:2)
  2 moths of wrath
  2 shining eyes (Abyss:5)
  3 large abominations
  A cyclops (shapeshifter) (Vaults:5)
  An elephant (Lair:5)
  An orange demon (Depths:1)
  2 unseen horrors
  3 yaktaurs
  A harpy zombie (Crypt:1)
  A bloated husk (Swamp:2)
  35 slime creatures
  A blink frog (Lair:3)
  2 flying skulls (Abyss:5)
  A spriggan (shapeshifter) (Vaults:5)
  A fire bat (Abyss:3)
  A yak (Lair:3)
  10 golden eyes
  A steam dragon (D:7)
  A redback (Vaults:2)
  A naga (shapeshifter) (Abyss:5)
  A vampire mosquito (D:13)
  3 water moccasins
  A naga (Snake:1)
  4 floating eyes
  An orc warrior (D:10)
  A wolf (Lair:3)
  5 centaurs
  A necrophage (Crypt:3)
  A bullfrog (Lair:5)
  A gnoll sergeant (D:11)
  3 howler monkeys
  A hound (D:6)
  402 jellies
  An iguana (Lair:2)
  4 orc wizards
  7 small abominations (Abyss:5)
  A white imp (Abyss:3)
  A worm (shapeshifter) (Vaults:5)
  13 orcs
  An endoplasm (Abyss:5)
  3 training dummies (Snake:1)
  An orc skeleton (Crypt:3)
  A rat zombie (Crypt:2)
  23 foxfires
  68 fungi
  2 lurking horrors (Abyss:5)
  190 plants
  5 snaplasher vines
  3 starspawn tentacles (Abyss:5)
896 creatures vanquished.

Grand Total: 3076 creatures vanquished

Notes
Turn   | Place    | Note
-------+----------+-------------------------------------------
     0 | D:1      | freelancePsychic the Draconian Transmuter began the quest
                  | for the Orb.
     0 | D:1      | Reached XP level 1. HP: 16/16 MP: 3/3
   575 | D:1      | Reached XP level 2. HP: 19/23 MP: 5/5
   655 | D:1      | Found a faded altar of an unknown god.
   722 | D:1      | Reached skill level 1 in Poison Magic
   954 | D:2      | Noticed Terence
   984 | D:2      | Found a hide-covered altar of Uskayaw.
  1836 | D:2      | Killed Terence
  1837 | D:2      | Reached skill level 2 in Fighting
  1837 | D:2      | Reached XP level 3. HP: 28/29 MP: 6/6
  1947 | D:2      | Learned a level 3 spell: Spider Form
  2347 | D:3      | Found Ykhluefi's Book Boutique.
  2578 | D:3      | Reached XP level 4. HP: 35/36 MP: 3/7
  3121 | D:3      | Found a sacrificial altar of Ru.
  3130 | D:3      | Found a glowing silver altar of Zin.
  3142 | D:3      | Became a worshipper of Ru the Awakened
  3241 | D:4      | Found an ornate altar of the Wu Jian Council.
  3271 | D:4      | Identified the +2 cloak "Hudghi Gest" {rN+ Dex+3}
  3292 | D:4      | Found a transporter.
  3295 | D:4      | Noticed an ogre
  3296 | D:4      | Noticed turdburglar's ghost (amateur DEEn)
  3298 | D:4      | Identified the +1 robe "Vojedeass" {Harm rF+ Str+2 Int-4
                  | Archmagi}
  3311 | D:4      | Noticed an ogre
  3606 | D:4      | Killed an ogre
  3607 | D:4      | Reached XP level 5. HP: 44/44 MP: 8/8
  3830 | D:4      | Found a shadowy altar of Dithmenos.
  4013 | D:4      | Noticed an ogre
  4018 | D:4      | Killed an ogre
  4019 | D:4      | Reached skill level 3 in Fighting
  4019 | D:4      | Reached XP level 6. HP: 51/51 MP: 5/10
  4062 | D:4      | Found a transporter.
  4201 | D:5      | Entered Level 5 of the Dungeon
  4429 | D:5      | Found a snail-covered altar of Cheibriados.
  4447 | D:5      | Found a broken altar of Ashenzari.
  4972 | D:5      | Found a staircase to the Ecumenical Temple.
  4976 | Temple   | Entered the Ecumenical Temple
  4988 | Temple   | Fell from the grace of Ru
  4988 | Temple   | Became a worshipper of Jiyva Juzoy the Shapeless
  5005 | D:5      | Found a radiant altar of Vehumet.
  5180 | D:5      | Reached skill level 5 in Unarmed Combat
  5237 | D:5      | Reached skill level 4 in Fighting
  5237 | D:5      | Your scales start taking on a glossy black colour.
  5237 | D:5      | Reached XP level 7. HP: 32/59 MP: 7/11
  5237 | D:5      | Gained mutation: You are resistant to electric shocks.
                  | (rElec) [Black Draconian growth]
  5415 | D:5      | Noticed a steam dragon
  5743 | D:6      | Found an ancient bone altar of Kikubaaqudgha.
  5744 | D:6      | Found the brooch of Shielding {Spirit SH+8}
  5745 | D:6      | Noticed Menkaure
  5757 | D:6      | Found a basalt altar of Yredelemnul.
  5835 | D:6      | Reached * piety under Jiyva
  5855 | D:6      | Identified a scroll of acquirement
  6076 | D:7      | Reached skill level 5 in Fighting
  6076 | D:7      | Reached XP level 8. HP: 65/68 MP: 12/12
  6204 | D:6      | Found a transporter.
  6208 | D:6      | Found a transporter.
  6335 | D:6      | Reached ** piety under Jiyva
  6340 | D:6      | Found a bloodstained altar of Trog.
  6454 | D:6      | Acquired the Guide on Cankerous Confrontation
  6534 | D:7      | Reached skill level 1 in Conjurations
  6534 | D:7      | Reached skill level 1 in Air Magic
  6591 | D:7      | Noticed a two-headed ogre
  6867 | D:7      | Reached skill level 6 in Fighting
  6871 | D:7      | Reached *** piety under Jiyva
  6890 | D:7      | Learned a level 5 spell: Lightning Bolt
  6944 | D:7      | Killed a two-headed ogre
  6945 | D:7      | Reached XP level 9. HP: 78/78 MP: 11/14
  7311 | D:8      | Reached skill level 5 in Air Magic
  7414 | D:8      | Noticed Joseph
  7428 | D:8      | Killed Joseph
  7429 | D:8      | Reached skill level 7 in Fighting
  7429 | D:8      | Reached skill level 1 in Ice Magic
  7442 | D:8      | Learned a level 5 spell: Freezing Cloud
  7633 | D:8      | Noticed Grum
  7646 | D:8      | Killed Grum
  7647 | D:8      | Reached skill level 5 in Conjurations
  7671 | D:8      | Reached XP level 10. HP: 65/86 MP: 14/16
  7706 | D:8      | Gained mutation: You have a pair of small horns on your
                  | head. [Jiyva's grace]
  7706 | D:8      | Gained mutation: You have a pair of horns on your head.
                  | [Jiyva's grace]
  7706 | D:8      | Gained mutation: You have a pair of large horns on your
                  | head. [Jiyva's grace]
  7706 | D:8      | Gained mutation: You have sharp toenails. [Jiyva's grace]
  7866 | D:8      | Noticed an eight-headed hydra
  8128 | D:9      | Reached **** piety under Jiyva
  8673 | D:10     | Entered Level 10 of the Dungeon
  8754 | D:10     | Found a staircase to the Orcish Mines.
  8779 | D:10     | Reached skill level 5 in Spellcasting
  8883 | D:10     | Lost mutation: You have a pair of large horns on your head.
                  | [Jiyva's grace]
  8883 | D:10     | Lost mutation: You have a pair of horns on your head.
                  | [Jiyva's grace]
  8883 | D:10     | Gained mutation: You have a small jelly attached to you
                  | that may absorb projectiles. [Jiyva's grace]
  8883 | D:10     | Gained mutation: Your rubbery body absorbs attacks. (AC +1,
                  | EV +1) [Jiyva's grace]
  8883 | D:10     | Gained mutation: Your pliable body absorbs attacks. (AC +2,
                  | EV +2) [Jiyva's grace]
  8883 | D:10     | Gained mutation: Your gelatinous body deflects attacks. (AC
                  | +3, EV +3) [Jiyva's grace]
  8927 | D:10     | Found a white marble altar of Elyvilon.
  8950 | D:10     | Found an opulent altar of Gozag.
  8989 | D:10     | Noticed a two-headed ogre
  9001 | D:10     | Slimified a two-headed ogre
  9001 | D:10     | Noticed an acid blob
  9001 | D:10     | a two-headed ogre changed into an acid blob
  9159 | D:10     | Found a glowing golden altar of the Shining One.
  9269 | D:10     | Noticed a two-headed ogre
  9307 | D:10     | Slimified a two-headed ogre
  9307 | D:10     | a two-headed ogre changed into a slime creature
  9626 | D:11     | Noticed a purple ugly thing
  9647 | D:11     | Killed a purple ugly thing
  9648 | D:11     | Reached skill level 8 in Fighting
  9648 | D:11     | Reached skill level 5 in Ice Magic
  9731 | D:11     | Noticed a centaur warrior
  9739 | D:11     | Reached XP level 11. HP: 48/94 MP: 10/19
  9739 | D:11     | Noticed a skeletal warrior
  9761 | D:11     | Killed a centaur warrior
  9849 | D:11     | Noticed a two-headed ogre
  9856 | D:11     | Killed a two-headed ogre
  9888 | D:11     | Noticed a two-headed ogre
  9897 | D:11     | Killed a two-headed ogre
 10118 | D:8      | Killed an eight-headed hydra
 10215 | D:11     | Noticed a boulder beetle
 10228 | D:11     | Killed a boulder beetle
 10262 | D:11     | Found a staircase to the Lair.
 10271 | D:11     | Noticed a death yak
 10273 | D:11     | Noticed a death yak
 10275 | D:11     | Noticed a death yak
 10290 | D:11     | Killed a death yak
 10291 | D:11     | Killed a death yak
 10291 | D:11     | Killed a death yak
 10444 | D:11     | Reached skill level 10 in Air Magic
 10487 | Lair:1   | Entered Level 1 of the Lair of Beasts
 10634 | Lair:1   | Found a runed translucent gate.
 10634 | Lair:1   | Found a runed translucent gate.
 10634 | Lair:1   | Found a runed translucent gate.
 10635 | Lair:1   | Noticed a nine-headed hydra
 10636 | Lair:1   | Noticed Pelinal's ghost (journeyman DjWr)
 10654 | Lair:1   | Lost mutation: Your gelatinous body deflects attacks. (AC
                  | +3, EV +3) [Jiyva's grace]
 10654 | Lair:1   | Lost mutation: You have a small jelly attached to you that
                  | may absorb projectiles. [Jiyva's grace]
 10654 | Lair:1   | Gained mutation: Your flesh is cold resistant. (rC+)
                  | [Jiyva's grace]
 10654 | Lair:1   | Gained mutation: Your flesh is very cold resistant. (rC++)
                  | [Jiyva's grace]
 10654 | Lair:1   | Gained mutation: Your flesh is almost immune to the effects
                  | of cold. (rC+++) [Jiyva's grace]
 10654 | Lair:1   | Gained mutation: You are strong-willed. (Will+) [Jiyva's
                  | grace]
 10722 | Lair:1   | Reached ***** piety under Jiyva
 10798 | Lair:1   | Noticed a seven-headed hydra
 10804 | Lair:1   | Killed a seven-headed hydra
 10805 | Lair:1   | Reached XP level 12. HP: 96/103 MP: 7/21
 10811 | Lair:1   | Reached skill level 9 in Fighting
 11219 | Lair:2   | Noticed Amaemon
 11222 | Lair:2   | Noticed a catoblepas
 11226 | Lair:2   | Killed Amaemon
 11227 | Lair:2   | Reached skill level 5 in Dodging
 11243 | Lair:1   | Killed a catoblepas
 11310 | Lair:2   | Noticed Sonja
 11312 | Lair:2   | Killed Sonja
 11644 | Lair:2   | Noticed a seven-headed hydra
 11649 | Lair:2   | Killed a seven-headed hydra
 11650 | Lair:2   | Reached skill level 10 in Fighting
 11882 | Lair:2   | Reached XP level 13. HP: 113/113 MP: 16/24
 12286 | Lair:2   | Found a staircase to the Swamp.
 12444 | Lair:3   | Found a frozen archway.
 12482 | IceCv    | Entered an ice cave
 12591 | IceCv    | Lost mutation: Your flesh is almost immune to the effects
                  | of cold. (rC+++) [Jiyva's grace]
 12591 | IceCv    | Lost mutation: Your flesh is very cold resistant. (rC++)
                  | [Jiyva's grace]
 12591 | IceCv    | Lost mutation: Your pliable body absorbs attacks. (AC +2,
                  | EV +2) [Jiyva's grace]
 12591 | IceCv    | Gained mutation: You have a small jelly attached to you
                  | that may absorb projectiles. [Jiyva's grace]
 12591 | IceCv    | Gained mutation: You have acidic saliva. [Jiyva's grace]
 12591 | IceCv    | Gained mutation: Your system is resistant to poisons.
                  | (rPois) [Jiyva's grace]
 12591 | IceCv    | Gained mutation: You are agile. (Dex +2) [Jiyva's grace]
 12639 | IceCv    | Reached skill level 10 in Conjurations
 12643 | IceCv    | Identified the +3 mace of Bemu {venom, Will- Int+3}
 12977 | IceCv    | Reached ****** piety under Jiyva
 13233 | IceCv    | Identified the +10 quarterstaff of Yrghoura {venom, rN+
                  | Will+}
 13234 | IceCv    | Identified the +10 longbow of the Gloaming {vorpal, SInv}
 13239 | IceCv    | Identified the +1 plate armour "Qylodor" {MP+9 Str+7 Dex-4
                  | Stlth+}
 13578 | Lair:3   | Found a staircase to the Snake Pit.
 13646 | Lair:3   | Identified the +3 quarterstaff "Useopup" {flame, rElec
                  | rPois Dex-3}
 13750 | Lair:3   | Identified the ring "Ahon" {Fly rN+ Str+3}
 14819 | Lair:5   | Lost mutation: Your flesh is cold resistant. (rC+) [Jiyva's
                  | grace]
 14819 | Lair:5   | Lost mutation: You have acidic saliva. [Jiyva's grace]
 14819 | Lair:5   | Gained mutation: Your body has grown eyes which may confuse
                  | attackers. (Acc +3) [Jiyva's grace]
 14819 | Lair:5   | Gained mutation: Your body has grown many eyes which may
                  | confuse attackers. (Acc +5) [Jiyva's grace]
 14819 | Lair:5   | Gained mutation: Your body is covered in eyes which may
                  | confuse attackers. (Acc +7, SInv) [Jiyva's grace]
 14819 | Lair:5   | Gained mutation: You are covered in slimy tendrils that may
                  | disarm your opponents. [Jiyva's grace]
 15197 | Lair:5   | Reached skill level 11 in Fighting
 15611 | Lair:6   | Entered Level 6 of the Lair of Beasts
 15750 | Lair:6   | Gained mutation: Your large and strong wings let you fly.
                  | [Black Draconian growth]
 15750 | Lair:6   | Reached XP level 14. HP: 112/124 MP: 9/26
 15960 | Lair:6   | Found a staircase to the Slime Pits.
 16038 | Lair:6   | Reached skill level 15 in Air Magic
 16944 | Lair:6   | Lost mutation: You are agile. (Dex +2) [Jiyva's grace]
 16944 | Lair:6   | Lost mutation: Your body is covered in eyes which may
                  | confuse attackers. (Acc +7, SInv) [Jiyva's grace]
 16944 | Lair:6   | Gained mutation: You have razor-sharp toenails. [Jiyva's
                  | grace]
 16944 | Lair:6   | Gained mutation: You have claws for feet. [Jiyva's grace]
 16944 | Lair:6   | Gained mutation: Armour fits poorly on your pseudopods.
                  | [Jiyva's grace]
 16944 | Lair:6   | Gained mutation: Armour fits poorly on your large
                  | pseudopods. [Jiyva's grace]
 17071 | Lair:6   | Found a corrupted altar of Lugonu.
 17071 | Lair:6   | Found a one-way gate to the infinite horrors of the Abyss.
 17215 | Slime:1  | Entered Level 1 of the Pits of Slime
 17215 | Slime:1  | Noticed an azure jelly
 17244 | Slime:4  | Noticed an azure jelly
 17246 | Slime:4  | Noticed an acid blob
 17247 | Slime:4  | Noticed a rockslime
 17250 | Slime:5  | Entered Level 5 of the Pits of Slime
 17264 | Slime:5  | Noticed a rockslime
 17268 | Slime:5  | Found a viscous altar of Jiyva.
 17269 | Slime:5  | Noticed an azure jelly
 17269 | Slime:5  | Noticed an acid blob
 17270 | Slime:5  | Noticed an acid blob
 17270 | Slime:5  | Noticed the Royal Jelly
 17270 | Slime:5  | Noticed an acid blob
 17270 | Slime:5  | Noticed a rockslime
 17272 | Slime:5  | Identified the ring "Rarofu" {Will+ rCorr EV+4 Int+3
                  | Stlth+}
 17275 | Slime:5  | Noticed an azure jelly
 17275 | Slime:5  | Noticed a rockslime
 17276 | Slime:5  | Noticed an acid blob
 17281 | Slime:5  | Got Thaumaturgy, Part Three
 17284 | Slime:5  | Got a slimy rune of Zot
 17424 | Slime:5  | Noticed an acid blob
 17430 | Slime:4  | Noticed an acid blob
 17437 | Slime:3  | Noticed a quicksilver ooze
 17437 | Slime:3  | Noticed a quicksilver ooze
 17692 | D:11     | Reached skill level 12 in Fighting
 17696 | D:11     | Learned a level 3 spell: Ozocubu's Armour
 17702 | D:11     | Learned a level 5 spell: Blade Hands
 18409 | D:12     | Noticed Gastronok
 18419 | D:12     | Killed Gastronok
 18510 | D:12     | Found a runed translucent door.
 18517 | D:12     | Found a runed translucent door.
 18611 | D:12     | Found a runed translucent gate.
 18611 | D:12     | Found a runed translucent gate.
 18612 | D:12     | Found a runed translucent gate.
 18613 | D:12     | Found an opulent altar of Gozag.
 18614 | D:12     | Found Neifeud's Assorted Antiques.
 18614 | D:12     | Noticed 2FriedEggs's ghost (journeyman OpWz)
 18628 | D:12     | Killed 2FriedEggs's ghost
 18629 | D:12     | Reached XP level 15. HP: 128/134 MP: 17/28
 18720 | D:12     | Found a runed translucent door.
 18784 | D:12     | Found a runed translucent door.
 18809 | D:12     | Gained mutation: You sometimes lose the ability to read
                  | scrolls when taking damage. [mutagenic glow]
 18971 | D:12     | Lost mutation: You have claws for feet. [Jiyva's grace]
 18971 | D:12     | Lost mutation: You have razor-sharp toenails. [Jiyva's
                  | grace]
 18971 | D:12     | Lost mutation: Your body has grown many eyes which may
                  | confuse attackers. (Acc +5) [Jiyva's grace]
 18971 | D:12     | Gained mutation: You are agile. (Dex +2) [Jiyva's grace]
 18971 | D:12     | Gained mutation: You are very agile. (Dex +4) [Jiyva's
                  | grace]
 18971 | D:12     | Gained mutation: Your body has grown many eyes which may
                  | confuse attackers. (Acc +5) [Jiyva's grace]
 18971 | D:12     | Gained mutation: Your body is covered in eyes which may
                  | confuse attackers. (Acc +7, SInv) [Jiyva's grace]
 19180 | D:13     | Reached skill level 5 in Transmutations
 19877 | D:13     | Found a gate to the Vaults.
 20115 | D:13     | Noticed Frances
 20755 | D:14     | Lost mutation: You are strong-willed. (Will+) [Jiyva's
                  | grace]
 20755 | D:14     | Lost mutation: Your rubbery body absorbs attacks. (AC +1,
                  | EV +1) [Jiyva's grace]
 20755 | D:14     | Lost mutation: Armour fits poorly on your large pseudopods.
                  | [Jiyva's grace]
 20755 | D:14     | Lost mutation: You have a small jelly attached to you that
                  | may absorb projectiles. [Jiyva's grace]
 20755 | D:14     | Lost mutation: You sometimes lose the ability to read
                  | scrolls when taking damage. [Jiyva's grace]
 20755 | D:14     | Gained mutation: You have a somewhat thin skeletal
                  | structure. (Dex +2, Stealth+) [Jiyva's grace]
 20755 | D:14     | Gained mutation: You have a moderately thin skeletal
                  | structure. (Dex +4, Stealth++) [Jiyva's grace]
 20755 | D:14     | Gained mutation: You have an unnaturally thin skeletal
                  | structure. (Dex +6, Stealth+++) [Jiyva's grace]
 20755 | D:14     | Gained mutation: You expend magic power (3 MP) to
                  | strengthen your wands. [Jiyva's grace]
 20789 | D:14     | Reached skill level 13 in Fighting
 21287 | D:15     | Entered Level 15 of the Dungeon
 21377 | D:15     | Noticed Josephine
 21386 | D:15     | Killed Josephine
 21827 | D:15     | Reached skill level 10 in Dodging
 22009 | D:15     | Found a staircase to the Depths.
 22420 | Orc:1    | Entered Level 1 of the Orcish Mines
 22481 | Orc:1    | Found Quuqov's Armour Boutique.
 22583 | Orc:1    | Noticed an orc warlord
 22649 | Orc:1    | Killed an orc warlord
 22799 | Orc:1    | Lost mutation: You have a pair of small horns on your head.
                  | [Jiyva's grace]
 22799 | Orc:1    | Lost mutation: You have an unnaturally thin skeletal
                  | structure. (Dex +6, Stealth+++) [Jiyva's grace]
 22799 | Orc:1    | Lost mutation: You are very agile. (Dex +4) [Jiyva's grace]
 22799 | Orc:1    | Lost mutation: Your body is covered in eyes which may
                  | confuse attackers. (Acc +7, SInv) [Jiyva's grace]
 22799 | Orc:1    | Lost mutation: Your body has grown many eyes which may
                  | confuse attackers. (Acc +5) [Jiyva's grace]
 22799 | Orc:1    | Gained mutation: Armour fits poorly on your large
                  | pseudopods. [Jiyva's grace]
 22799 | Orc:1    | Gained mutation: Armour fits poorly on your massive
                  | pseudopods. [Jiyva's grace]
 22799 | Orc:1    | Gained mutation: You possess an exceptional clarity of
                  | mind. [Jiyva's grace]
 22799 | Orc:1    | Gained mutation: You have a pair of small horns on your
                  | head. [Jiyva's grace]
 23159 | Orc:2    | Entered Level 2 of the Orcish Mines
 23237 | Orc:2    | Found a staircase to the Elven Halls.
 23435 | Orc:2    | Found Jebbi's Antique Armour Shop.
 23435 | Orc:2    | Found Wulogun's Weapon Emporium.
 23483 | Orc:2    | Found Caubeopi's Weapon Emporium.
 23488 | Orc:2    | Reached skill level 14 in Fighting
 23488 | Orc:2    | Reached skill level 10 in Unarmed Combat
 23508 | Orc:2    | Found Moc Goah's Magic Scroll Shop.
 23656 | Orc:2    | Noticed Donald
 23663 | Orc:2    | Killed Donald
 24000 | Snake:1  | Entered Level 1 of the Snake Pit
 24000 | Snake:1  | Found Amoit's Firing Range.
 24032 | Snake:1  | Reached XP level 16. HP: 110/146 MP: 21/29
 24308 | Snake:1  | Noticed Jorgrun
 24316 | Snake:1  | Killed Jorgrun
 24676 | Snake:2  | Acquired a staff of air
 25838 | Snake:3  | Noticed Asterion
 25848 | Snake:3  | Reached skill level 15 in Fighting
 25876 | Snake:3  | Noticed an Executioner
 26147 | Snake:3  | Lost mutation: You have a moderately thin skeletal
                  | structure. (Dex +4, Stealth++) [Jiyva's grace]
 26147 | Snake:3  | Lost mutation: Armour fits poorly on your massive
                  | pseudopods. [Jiyva's grace]
 26147 | Snake:3  | Lost mutation: You expend magic power (3 MP) to strengthen
                  | your wands. [Jiyva's grace]
 26147 | Snake:3  | Gained mutation: You have hidden genetic potential.
                  | [Jiyva's grace]
 26147 | Snake:3  | Gained mutation: You have great hidden genetic potential.
                  | [Jiyva's grace]
 26147 | Snake:3  | Gained mutation: Your translucent skin slightly reduces
                  | your foes' accuracy. (Stealth+) [Jiyva's grace]
 26147 | Snake:3  | Gained mutation: Your translucent skin reduces your foes'
                  | accuracy. (Stealth+) [Jiyva's grace]
 26456 | Snake:3  | Killed Asterion
 26771 | Snake:4  | Entered Level 4 of the Snake Pit
 26928 | Snake:4  | Reached XP level 17. HP: 136/158 MP: 14/30
 27013 | Snake:4  | Found Faxits's Mass Market.
 27184 | Snake:4  | Reached skill level 16 in Fighting
 27824 | Snake:4  | HP: 7/159 [poisoned by a nagaraja (poison arrow)]
 28066 | Snake:4  | Gained mutation: Your mind is acute. (Int +2) [hidden
                  | potential]
 28149 | Snake:4  | Got a serpentine rune of Zot
 28563 | Swamp:1  | Entered Level 1 of the Swamp
 28596 | Swamp:1  | Found an iron altar of Okawaru.
 29256 | Swamp:2  | Lost mutation: You possess an exceptional clarity of mind.
                  | [Jiyva's grace]
 29256 | Swamp:2  | Lost mutation: Armour fits poorly on your large pseudopods.
                  | [Jiyva's grace]
 29256 | Swamp:2  | Lost mutation: You have great hidden genetic potential.
                  | [Jiyva's grace]
 29256 | Swamp:2  | Gained mutation: You are very agile. (Dex +4) [Jiyva's
                  | grace]
 29256 | Swamp:2  | Gained mutation: Your transparent skin significantly
                  | reduces your foes' accuracy. (Stealth+) [Jiyva's grace]
 29256 | Swamp:2  | Gained mutation: Your spells are a little harder to cast,
                  | but a little more powerful. [Jiyva's grace]
 29256 | Swamp:2  | Gained mutation: Your spells are harder to cast, but more
                  | powerful. [Jiyva's grace]
 29420 | Swamp:2  | Noticed Aizul
 29440 | Swamp:2  | Killed Aizul
 29601 | Swamp:3  | Reached XP level 18. HP: 158/168 MP: 18/31
 30179 | Swamp:4  | Entered Level 4 of the Swamp
 30239 | Swamp:4  | Reached skill level 17 in Fighting
 30422 | Swamp:4  | Got a decaying rune of Zot
 31040 | Elf:1    | Entered Level 1 of the Elven Halls
 31139 | Elf:1    | Lost mutation: You have a somewhat thin skeletal structure.
                  | (Dex +2, Stealth+) [Jiyva's grace]
 31139 | Elf:1    | Lost mutation: You are very agile. (Dex +4) [Jiyva's grace]
 31139 | Elf:1    | Lost mutation: Your system is resistant to poisons. (rPois)
                  | [Jiyva's grace]
 31139 | Elf:1    | Lost mutation: Your spells are harder to cast, but more
                  | powerful. [Jiyva's grace]
 31139 | Elf:1    | Lost mutation: Your body has grown eyes which may confuse
                  | attackers. (Acc +3) [Jiyva's grace]
 31139 | Elf:1    | Lost mutation: Your transparent skin significantly reduces
                  | your foes' accuracy. (Stealth+) [Jiyva's grace]
 31139 | Elf:1    | Lost mutation: You have hidden genetic potential. [Jiyva's
                  | grace]
 31139 | Elf:1    | Lost mutation: You are covered in slimy tendrils that may
                  | disarm your opponents. [Jiyva's grace]
 31139 | Elf:1    | Gained mutation: Your melee attacks may engulf your foes in
                  | ooze. [Jiyva's grace]
 31139 | Elf:1    | Gained mutation: Your mind is very acute. (Int +4) [Jiyva's
                  | grace]
 31139 | Elf:1    | Gained mutation: Your transparent skin significantly
                  | reduces your foes' accuracy. (Stealth+) [Jiyva's grace]
 31139 | Elf:1    | Lost mutation: You have sharp toenails. [Jiyva's grace]
 31139 | Elf:1    | Gained mutation: You have large cloven feet. [Jiyva's
                  | grace]
 31154 | Elf:1    | Found Ceveopt's Weapon Shoppe.
 31318 | Elf:1    | Found a portal to a secret trove of treasure.
 31532 | Elf:1    | Lost mutation: Your mind is very acute. (Int +4) [a
                  | neqoxec]
 31536 | Elf:1    | Noticed a Hell Sentinel
 31867 | Elf:1    | Found a runed translucent gate.
 31867 | Elf:1    | Found a runed translucent gate.
 31867 | Elf:1    | Found a runed translucent gate.
 31867 | Elf:1    | Found a runed translucent gate.
 31867 | Elf:1    | Found a runed translucent gate.
 31870 | Elf:1    | Found a runed translucent gate.
 32036 | D:6      | Killed Menkaure
 32235 | Elf:2    | Found a crumbling gateway.
 32271 | Elf:2    | Identified the +0 scale mail "Fugate Lury" {Stlth+}
 32301 | Desolati | Entered the Desolation of Salt
 32388 | Desolati | Identified the amulet "Kaprifan" {RegenMP MP+9}
 32443 | Desolati | Got the Handbook of the Compass and Feathers
 32450 | Desolati | Reached skill level 18 in Fighting
 32515 | Desolati | Identified the ring of Ziypred {rC+ MP+9 Int+2 Dex-2}
 32545 | Desolati | Got the Papyrus of Curses
 32617 | Desolati | Identified the +11 quarterstaff "Vasisi Gireo" {flame,
                  | rPois Int+9}
 32664 | Desolati | Reached XP level 19. HP: 163/179 MP: 32/32
 32725 | Desolati | Lost mutation: You have a pair of small horns on your head.
                  | [Jiyva's grace]
 32725 | Desolati | Lost mutation: Your mind is acute. (Int +2) [Jiyva's grace]
 32725 | Desolati | Lost mutation: Your spells are a little harder to cast, but
                  | a little more powerful. [Jiyva's grace]
 32725 | Desolati | Lost mutation: Your transparent skin significantly reduces
                  | your foes' accuracy. (Stealth+) [Jiyva's grace]
 32725 | Desolati | Gained mutation: Armour fits poorly on your large
                  | pseudopods. [Jiyva's grace]
 32725 | Desolati | Gained mutation: Armour fits poorly on your massive
                  | pseudopods. [Jiyva's grace]
 32725 | Desolati | Gained mutation: You have a small jelly attached to you
                  | that may absorb projectiles. [Jiyva's grace]
 32725 | Desolati | Gained mutation: You are strong-willed. (Will+) [Jiyva's
                  | grace]
 32834 | Desolati | Got Sif Muna's Papyrus of Burning Contamination
 32909 | Desolati | Reached skill level 15 in Unarmed Combat
 33163 | Elf:2    | Found Henwos's Book Shop.
 33167 | Elf:2    | Bought a book of Sloth for 396 gold pieces
 33227 | Elf:2    | Found an ancient bone altar of Kikubaaqudgha.
 33245 | Elf:2    | Reached skill level 1 in Earth Magic
 33337 | Elf:2    | Paralysed by an air elemental for 1 turns
 33533 | Elf:2    | Found a runed translucent gate.
 33533 | Elf:2    | Found a runed translucent gate.
 33535 | Elf:2    | Found a runed translucent gate.
 33568 | Elf:2    | Learned a level 6 spell: Statue Form
 33591 | Elf:3    | Entered Level 3 of the Elven Halls
 34397 | Elf:3    | Identified the ring "Liahaepn" {rF- rCorr Int+2 Dex+6}
 34436 | Elf:3    | Reached skill level 10 in Transmutations
 34483 | Elf:3    | Identified the amulet "Yfoank" {Fly rPois Will++ Regen+
                  | Dex-3}
 34687 | Elf:3    | Identified the ring of Pawnat {Will+ Stlth+}
 34912 | Elf:2    | Bought a manual of Translocations for 880 gold pieces
 34912 | Elf:2    | Bought a book of Burglary for 220 gold pieces
 34915 | Elf:2    | Learned a level 2 spell: Passwall
 35020 | Vaults:1 | Entered Level 1 of the Vaults
 35025 | Vaults:1 | Gained mutation: Your body sometimes deteriorates upon
                  | taking damage. [mutagenic glow]
 35349 | Vaults:1 | Lost mutation: Your body sometimes deteriorates upon taking
                  | damage. [Jiyva's grace]
 35349 | Vaults:1 | Gained mutation: You are highly strong-willed. (Will++)
                  | [Jiyva's grace]
 35349 | Vaults:1 | Gained mutation: You are extremely strong-willed. (Will+++)
                  | [Jiyva's grace]
 35349 | Vaults:1 | Gained mutation: Your mind is acute. (Int +2) [Jiyva's
                  | grace]
 35349 | Vaults:1 | Gained mutation: Your mind is very acute. (Int +4) [Jiyva's
                  | grace]
 35431 | Vaults:1 | Reached skill level 5 in Earth Magic
 35604 | Vaults:1 | Reached XP level 20. HP: 189/189 MP: 26/33
 36647 | Vaults:2 | Identified the +7 morningstar of Wrath {vorpal, rElec rCorr
                  | Str+3}
 36665 | Vaults:2 | Noticed Frederick
 36674 | Vaults:2 | Killed Frederick
 36811 | Vaults:2 | Identified the +6 mace "Ruoziz" {flame, rElec rPois}
 37295 | Vaults:2 | Found a runed translucent gate.
 37295 | Vaults:2 | Found a runed translucent gate.
 37296 | Vaults:2 | Found a runed translucent gate.
 37298 | Vaults:2 | Noticed Yloucecuu's ghost (veteran SpEn)
 37302 | Vaults:2 | Noticed an ancient lich
 37366 | Vaults:2 | Found Bafaob's General Store.
 37374 | Vaults:2 | Bought the +3 Elemental Staff {rElec rF++ rC++ AC+5} for
                  | 1124 gold pieces
 37374 | Vaults:2 | Found the +3 Elemental Staff {rElec rF++ rC++ AC+5}
 37541 | Vaults:2 | Lost mutation: You are extremely strong-willed. (Will+++)
                  | [Jiyva's grace]
 37541 | Vaults:2 | Lost mutation: Your translucent skin reduces your foes'
                  | accuracy. (Stealth+) [Jiyva's grace]
 37541 | Vaults:2 | Gained mutation: You are somewhat resistant to further
                  | mutation. [Jiyva's grace]
 37541 | Vaults:2 | Gained mutation: You are somewhat resistant to both further
                  | mutation and mutation removal. [Jiyva's grace]
 37541 | Vaults:2 | Gained mutation: You are almost entirely resistant to
                  | further mutation and mutation removal. [Jiyva's grace]
 37541 | Vaults:2 | Gained mutation: You have a small jelly attached to you
                  | that senses nearby items. [Jiyva's grace]
 37541 | Vaults:2 | Found Oqiugrir's Antique Armour Shop.
 37732 | Vaults:2 | Found a staircase to the Crypt.
 37754 | Vaults:2 | Found Qiohamp's Antique Armour Emporium.
 37762 | Vaults:2 | Bought a pair of spiked boots for 275 gold pieces
 37762 | Vaults:2 | Identified the +1 pair of boots "Pioffan" {Int+3} (You
                  | bought it in a shop on level 2 of the Vaults)
 37887 | Vaults:2 | Killed Yloucecuu's ghost
 37916 | Vaults:2 | Killed an ancient lich
 37957 | Vaults:3 | Reached skill level 1 in Translocations
 38030 | Vaults:3 | Reached skill level 1 in Summonings
 38451 | Vaults:3 | Reached skill level 5 in Translocations
 38848 | Vaults:3 | Found Jotoamm's Weapon Boutique.
 38953 | Vaults:3 | Learned a level 5 spell: Summon Forest
 38962 | Vaults:3 | Learned a level 7 spell: Malign Gateway
 38988 | Vaults:4 | Found Wag Nep's Magic Scroll Shop.
 39000 | Vaults:4 | Bought a scroll of teleportation for 57 gold pieces
 39237 | Vaults:4 | Reached skill level 5 in Summonings
 39262 | Vaults:4 | Reached XP level 21. HP: 196/196 MP: 34/34
 39303 | Vaults:4 | Lost mutation: Your mind is very acute. (Int +4) [Jiyva's
                  | grace]
 39303 | Vaults:4 | Lost mutation: Armour fits poorly on your massive
                  | pseudopods. [Jiyva's grace]
 39303 | Vaults:4 | Lost mutation: You have a small jelly attached to you that
                  | senses nearby items. [Jiyva's grace]
 39303 | Vaults:4 | Gained mutation: Your spells are a little harder to cast,
                  | but a little more powerful. [Jiyva's grace]
 39303 | Vaults:4 | Gained mutation: Your spells are harder to cast, but more
                  | powerful. [Jiyva's grace]
 39303 | Vaults:4 | Gained mutation: Your spells are much harder to cast, but
                  | much more powerful. [Jiyva's grace]
 39303 | Vaults:4 | Gained mutation: Your body has grown eyes which may confuse
                  | attackers. (Acc +3) [Jiyva's grace]
 39554 | Vaults:4 | Found a transporter.
 39614 | Vaults:4 | Reached skill level 10 in Translocations
 39707 | Vaults:4 | Cast into level 3 of the Abyss (vault warden)
 39712 | Abyss:3  | Found a corrupted altar of Lugonu.
 39966 | Abyss:3  | Noticed a profane servitor
 40172 | Abyss:5  | Entered Level 5 of the Abyss
 40310 | Abyss:5  | Paralysed by accursed screaming for 1 turns
 40698 | Abyss:5  | Found a candlelit altar of Ignis.
 40700 | Abyss:5  | Reached XP level 22. HP: 145/204 MP: 30/35
 40700 | Abyss:5  | Reached XP level 23. HP: 149/211 MP: 30/36
 40700 | Abyss:5  | Got an abyssal rune of Zot
 40725 | Abyss:5  | Found a corrupted altar of Lugonu.
 40735 | Vaults:4 | Escaped the Abyss
 40791 | Vaults:4 | Found a runed translucent gate.
 40791 | Vaults:4 | Noticed Marixus's ghost (adept HOFi)
 40792 | Vaults:4 | Found a runed translucent gate.
 40792 | Vaults:4 | Noticed Ukiefoc's ghost (adept DrFE)
 40793 | Vaults:4 | Found a runed translucent gate.
 40819 | Vaults:4 | Killed Ukiefoc's ghost
 40827 | Vaults:4 | Killed Marixus's ghost
 40828 | Vaults:4 | Reached skill level 1 in Shields
 41164 | Vaults:4 | Found a transporter.
 41168 | Vaults:4 | Identified the ring of the Cockroach {rElec rC+ Dex+4}
 41338 | Crypt:1  | Entered Level 1 of the Crypt
 41396 | Crypt:1  | You are sucked into a shaft and drop 1 floor!
 41397 | Crypt:2  | Acquired 586 gold pieces
 41729 | Crypt:1  | Reached skill level 1 in Staves
 41877 | Crypt:1  | Reached skill level 10 in Summonings
 42285 | Crypt:2  | Lost mutation: You have large cloven feet. [Jiyva's grace]
 42285 | Crypt:2  | Lost mutation: You are highly strong-willed. (Will++)
                  | [Jiyva's grace]
 42285 | Crypt:2  | Lost mutation: You are almost entirely resistant to further
                  | mutation and mutation removal. [Jiyva's grace]
 42285 | Crypt:2  | Lost mutation: Your spells are much harder to cast, but
                  | much more powerful. [Jiyva's grace]
 42285 | Crypt:2  | Lost mutation: Your body has grown eyes which may confuse
                  | attackers. (Acc +3) [Jiyva's grace]
 42285 | Crypt:2  | Lost mutation: Armour fits poorly on your large pseudopods.
                  | [Jiyva's grace]
 42285 | Crypt:2  | Lost mutation: Your translucent skin slightly reduces your
                  | foes' accuracy. (Stealth+) [Jiyva's grace]
 42285 | Crypt:2  | Lost mutation: You have a small jelly attached to you that
                  | may absorb projectiles. [Jiyva's grace]
 42285 | Crypt:2  | Gained mutation: Your translucent skin slightly reduces
                  | your foes' accuracy. (Stealth+) [Jiyva's grace]
 42285 | Crypt:2  | Gained mutation: Your translucent skin reduces your foes'
                  | accuracy. (Stealth+) [Jiyva's grace]
 42285 | Crypt:2  | Gained mutation: Your transparent skin significantly
                  | reduces your foes' accuracy. (Stealth+) [Jiyva's grace]
 42285 | Crypt:2  | Gained mutation: You are covered in slimy tendrils that may
                  | disarm your opponents. [Jiyva's grace]
 42531 | Crypt:2  | Found a corrupted altar of Lugonu.
 42553 | Crypt:2  | Reached skill level 5 in Shields
 43247 | Crypt:3  | Entered Level 3 of the Crypt
 43260 | Crypt:3  | Noticed Boris
 43369 | Crypt:3  | Killed Boris
 43425 | Crypt:3  | Noticed a curse toe
 43441 | Crypt:3  | Killed a curse toe
 43609 | Crypt:3  | Reached XP level 24. HP: 220/220 MP: 36/36
 43689 | Crypt:3  | Reached skill level 10 in Spellcasting
 43731 | Crypt:3  | Noticed a dread lich
 43737 | Crypt:3  | Got Sif Muna's Handbook of the Traveller
 43792 | Crypt:3  | Reached skill level 15 in Translocations
 43825 | Crypt:3  | Learned a level 5 spell: Manifold Assault
 43857 | Crypt:3  | Killed a dread lich
 43873 | Crypt:3  | Found a staircase to the Tomb.
 44078 | Crypt:3  | Identified the +5 hand axe "Nowkoi" {holy, rC+}
 45065 | Vaults:5 | Entered Level 5 of the Vaults
 45219 | Vaults:5 | Noticed a dread lich
 45225 | Vaults:5 | Killed a dread lich
 45227 | Vaults:5 | Identified the ring of Pride {MP+9 Str+3}
 45228 | Vaults:5 | Identified the +7 short sword of Guilt {drain, rF+ rC-
                  | Str+6 Stlth+}
 45228 | Vaults:5 | Identified the ring "Quuhuy" {Drain rElec EV+4 Int+4}
 45229 | Vaults:5 | Noticed a dread lich
 45253 | Vaults:5 | Killed a dread lich
 45464 | Vaults:5 | Lost mutation: Your transparent skin significantly reduces
                  | your foes' accuracy. (Stealth+) [Jiyva's grace]
 45464 | Vaults:5 | Gained mutation: You are very agile. (Dex +4) [Jiyva's
                  | grace]
 45464 | Vaults:5 | Gained mutation: You passively dampen the noise of your
                  | surroundings. [Jiyva's grace]
 45464 | Vaults:5 | Gained mutation: Your natural rate of healing is unusually
                  | fast. [Jiyva's grace]
 45464 | Vaults:5 | Gained mutation: You heal very quickly. [Jiyva's grace]
 45501 | Vaults:5 | Identified the +5 ring mail of Greed {Dex+6}
 45609 | Vaults:5 | Got a silver rune of Zot
 45613 | Vaults:5 | Identified the ring of Tucvath {*Corrode rF+ rC+++ Will+
                  | Stlth+}
 45881 | Vaults:5 | Reached skill level 19 in Fighting
 46054 | Vaults:5 | Identified the +8 arbalest "Noettey" {penet, Int+7}
 46204 | Vaults:5 | Got the Disquisition on Poisoning and Changing
 46577 | Depths:1 | Entered Level 1 of the Depths
 46588 | Depths:1 | Noticed Saint Roka
 46599 | Depths:1 | Killed Saint Roka
 46677 | Depths:1 | Lost mutation: Your mind is acute. (Int +2) [mutagenic
                  | glow]
 46770 | Depths:1 | Found a gateway to Hell.
 46806 | Depths:1 | Reached XP level 25. HP: 175/227 MP: 22/38
 46871 | Depths:1 | Found Sagradog's Antique Weapon Emporium.
 46889 | Depths:1 | Found Tomu's Jewellery Shoppe.
 46889 | Depths:1 | Found Niamuc's Antique Armour Emporium.
 46903 | Depths:1 | Bought a pair of encrusted boots for 399 gold pieces
 46903 | Depths:1 | Identified the +1 pair of boots of Makhleb's Hope {Int+4
                  | Stlth+} (You bought it in a shop on level 1 of the Depths)
 46966 | Depths:1 | Noticed Mara
 46973 | Depths:1 | Noticed freelancePsychic's illusion
 46977 | Depths:1 | Killed Mara
 47040 | Depths:1 | Found an iron altar of Okawaru.
 47294 | Depths:2 | Noticed Boris
 47305 | Depths:2 | Killed Boris
 47392 | Depths:2 | Found Omik's Weapon Shop.
 47693 | Depths:2 | Found a one-way gate leading to the halls of Pandemonium.
 47795 | Depths:2 | Lost mutation: You are very agile. (Dex +4) [Jiyva's grace]
 47795 | Depths:2 | Lost mutation: You are somewhat resistant to both further
                  | mutation and mutation removal. [Jiyva's grace]
 47795 | Depths:2 | Lost mutation: You heal very quickly. [Jiyva's grace]
 47795 | Depths:2 | Lost mutation: Your spells are harder to cast, but more
                  | powerful. [Jiyva's grace]
 47795 | Depths:2 | Lost mutation: Armour fits poorly on your pseudopods.
                  | [Jiyva's grace]
 47795 | Depths:2 | Lost mutation: Your translucent skin reduces your foes'
                  | accuracy. (Stealth+) [Jiyva's grace]
 47795 | Depths:2 | Lost mutation: You are covered in slimy tendrils that may
                  | disarm your opponents. [Jiyva's grace]
 47795 | Depths:2 | Lost mutation: You are somewhat resistant to further
                  | mutation. [Jiyva's grace]
 47795 | Depths:2 | Gained mutation: You have hidden genetic potential.
                  | [Jiyva's grace]
 47795 | Depths:2 | Gained mutation: You have great hidden genetic potential.
                  | [Jiyva's grace]
 47795 | Depths:2 | Gained mutation: You are covered in slimy tendrils that may
                  | disarm your opponents. [Jiyva's grace]
 47795 | Depths:2 | Lost mutation: Your translucent skin slightly reduces your
                  | foes' accuracy. (Stealth+) [Jiyva's grace]
 47795 | Depths:2 | Gained mutation: Your skin changes colour to match your
                  | surroundings (Stealth+). [Jiyva's grace]
 48391 | Depths:3 | Found a sacrificial altar of Ru.
 49155 | Depths:4 | Entered Level 4 of the Depths
 49220 | Depths:4 | Found the +12 glaive of Prune {vorpal}
 49222 | Depths:4 | Found a one-way gateway to a ziggurat.
 49222 | Depths:4 | Noticed a dread lich
 49533 | Depths:4 | Found a glowing golden altar of the Shining One.
 49539 | Depths:4 | Found a white marble altar of Elyvilon.
 49540 | Depths:4 | Found a glowing silver altar of Zin.
 49660 | Depths:4 | Lost mutation: Your skin changes colour to match your
                  | surroundings (Stealth+). [Jiyva's grace]
 49660 | Depths:4 | Lost mutation: You are agile. (Dex +2) [Jiyva's grace]
 49660 | Depths:4 | Lost mutation: You are strong-willed. (Will+) [Jiyva's
                  | grace]
 49660 | Depths:4 | Lost mutation: Your natural rate of healing is unusually
                  | fast. [Jiyva's grace]
 49660 | Depths:4 | Lost mutation: You have great hidden genetic potential.
                  | [Jiyva's grace]
 49660 | Depths:4 | Lost mutation: You have hidden genetic potential. [Jiyva's
                  | grace]
 49660 | Depths:4 | Gained mutation: You have a pair of small horns on your
                  | head. [Jiyva's grace]
 49660 | Depths:4 | Gained mutation: You have a pair of horns on your head.
                  | [Jiyva's grace]
 49660 | Depths:4 | Gained mutation: You have a pair of large horns on your
                  | head. [Jiyva's grace]
 49660 | Depths:4 | Gained mutation: Your body has grown eyes which may confuse
                  | attackers. (Acc +3) [Jiyva's grace]
 49830 | Depths:4 | Reached skill level 20 in Fighting
 49879 | Depths:4 | Found a gate to the Realm of Zot.
 49889 | Zot:1    | Entered Level 1 of the Realm of Zot
 50064 | Zot:1    | Reached XP level 26. HP: 239/239 MP: 30/39
 50253 | Zot:1    | Reached skill level 15 in Dodging
 50750 | Zot:4    | Lost mutation: Your body has grown eyes which may confuse
                  | attackers. (Acc +3) [Jiyva's grace]
 50750 | Zot:4    | Gained mutation: You have a small jelly attached to you
                  | that senses nearby items. [Jiyva's grace]
 50750 | Zot:4    | Gained mutation: Your rubbery body absorbs attacks. (AC +1,
                  | EV +1) [Jiyva's grace]
 50750 | Zot:4    | Gained mutation: Your pliable body absorbs attacks. (AC +2,
                  | EV +2) [Jiyva's grace]
 50750 | Zot:4    | Gained mutation: Your gelatinous body deflects attacks. (AC
                  | +3, EV +3) [Jiyva's grace]
 51189 | Zot:5    | Entered Level 5 of the Realm of Zot
 51777 | Zot:5    | Noticed an orb of fire
 51787 | Zot:5    | Gained mutation: You are frail. (-10% HP) [an orb of fire]
 51790 | Zot:5    | Killed an orb of fire
 51821 | Zot:5    | Noticed an orb of fire
 51831 | Zot:5    | Gained mutation: You occasionally shout uncontrollably at
                  | your foes. [an orb of fire]
 51848 | Zot:5    | Gained mutation: You have hidden genetic defects. [an orb
                  | of fire]
 51849 | Zot:5    | Gained mutation: You sometimes lose the ability to read
                  | scrolls when taking damage. [an orb of fire]
 51850 | Zot:5    | Killed an orb of fire
 51863 | Zot:5    | Noticed an orb of fire
 51878 | Zot:5    | Gained mutation: You do not regenerate when monsters are
                  | visible. [an orb of fire]
 51880 | Zot:5    | Gained mutation: You frequently scream uncontrollably at
                  | your foes. [an orb of fire]
 51882 | Zot:5    | Killed an orb of fire
 51895 | Zot:5    | HP: 7/279 [sun demon[an obsidian statue] (17)]
 51896 | Zot:5    | Demolished by an Orb Guardian

Illustrated notes

Levels and vault maps discovered:
D:1:      psy_arrival_basics, layout_loops_ring,
          shapermc_ecumenical_altar_starsandcircs,
          nicolae_concentric_dashed_squares_wild
D:2:      layout_basic, basic_altar, uniq_terence
D:3:      layout_rooms, mainiacjoe_overflow_swirl, serial_shops, shop
D:4:      layout_loops_ring, mainiacjoe_overflow_24_doors,
          mainiacjoe_overflow_brackets, gammafunk_ghost_arena
D:5:      wad_woods_settlement, layout_basic, mainiacjoe_overflow_catwalk,
          nicolae_vehumet_radiance, nicolae_ashenzari_skybound
D:6:      layout_cave_pools, trog_ov_bears_minmay, gammafunk_temple_of_torment
D:7:      layout_gridville, mrwooster_statue_mirror, uniq_menkaure
D:8:      layout_loops_ring, uniq_grum, uniq_joseph
D:9:      layout_irregular_city
D:10:     layout_roguey, mainiacjoe_overflow_tiny_flanked,
          nicolae_overflow_squiral, kennysheep_orc_monster_closet_entryway
D:11:     nzn_winding_woodlands_cross [nzn_winding_woodlands_5x15_concentric,
          nzn_winding_woodlands_5x15_eye, nzn_winding_woodlands_5x15_jagged,
          nzn_winding_woodlands_5x15_cabin,
          nzn_winding_woodlands_15x15_boxy_spiral], layout_long_grid,
          dpeg_lair_monsters
D:12:     layout_stronghold, ebering_ghost_gozag, minmay_statue_crystal_thing,
          uniq_gastronok
D:13:     layout_layer_cave, david_vaults_1, uniq_frances
D:14:     layout_gridville
D:15:     gammafunk_enter_depths_forms, layout_loops_ring,
          minmay_misc_feat_rugged, uniq_josephine
Temple:   pf_slime_end_temple
Lair:1:   layout_long_grid, gammafunk_ghost_hydra_chop
Lair:2:   beast_lair_carwin_large_1, layout_concentric_octagons,
          palyth_hydra_swamp_entry, grunt_megastairs_4, uniq_amaemon, uniq_sonja
Lair:3:   layout_chaotic_city, guppyfry_snake_entry_island,
          portal_ice_cave_entry_imps, lemuel_fruit_fields
Lair:4:   layout_cave_shapes, grunt_megastairs_3, lemuel_fruit_fields
Lair:5:   layout_cave_pods, serial_bayou_shore_a, lemuel_fruit_tree,
          infiniplex_staircase_pool, lemuel_fruit_fields, grunt_megastairs_5
Lair:6:   hellmonk_lair_end_abyssal_woods, layout_cellular_growth,
          dpeg_slime_entry_corner, eino_house_with_fridge, serial_bayou_shore_b
Swamp:1:  layout_basic_swamp, nicolae_swamp_godswood
Swamp:2:  layout_falls_marsh, evilmike_swamp_ruin_rubble_2,
          infiniplex_staircase_pool_2, uniq_aizul
Swamp:3:  layout_basic_swamp, evilmike_swamp_ruin_house_5, swamp_pool1
Swamp:4:  swamp_alternative, layout_basic_swamp, swamp_pool4
Snake:1:  layout_honeycomb, nicolae_shop_firing_range, uniq_jorgrun
Snake:2:  layout_onion_interference
Snake:3:  layout_cave_town, uniq_asterion
Snake:4:  snake_pit, layout_misc_corridors, minmay_shop_mass,
          nicolae_snake_gridmaze_swirls, nicolae_snake_ghostly_warrior_ritual
Slime:1:  layout_caves
Slime:2:  layout_caves
Slime:3:  layout_caves
Slime:4:  layout_caves
Slime:5
Orc:1:    layout_caves, serial_shops, nicolae_shop_trees,
          nicolae_orc_stony_grotto
Orc:2:    st_orc_town, layout_caves, uniq_donald
Elf:1:    minmay_elf_arrival_circle, layout_gridlike, serial_shops,
          nicolae_shop_stone, trove_entry_hex_spiral, orc_legates
Elf:2:    nicolae_elf_blades_splatter_lattice [grunt_blade_entry_basic],
          layout_geoelf_grid, basic_altar, portal_desolation_entry_nicolae_slug,
          serial_shops, nicolae_shop_behind_doors
Elf:3:    minmay_elf_hall_dome, layout_geoelf_castle, serial_glass,
          glass_columns_b, glass_columns_c
Vaults:1: v_rooms_5, grunt_vaults_hallway_short, ontoclasm_vaults_hangar,
          nicolae_vaults_hallways_thing, v_misc_4, grunt_vaults_bifocal,
          grunt_vaults_hallway_short, ontoclasm_vaults_pinch,
          grunt_vaults_hallway_short, nicolae_vaults_network_barrier,
          nicolae_vaults_little_squares_1,
          vaults_standard_mumra_enter_the_diamond, vaults_room_door_ring,
          nicolae_vaults_three_branches, layout_vaults_maze_snakey
Vaults:2: gammafunk_ghost_split, ontoclasm_vaults_ring_square, v_misc_14,
          nicolae_vaults_shelves_hall, ontoclasm_vaults_twist,
          vaults_room_door_ring, minmay_crypt_entry_simple_box, st_more_cells,
          nicolae_vaults_shelves_hall, v_misc_4, vaults_room_corners,
          layout_vaults_quadrants, serial_shops, shop,
          nicolae_shop_overgrown_old_shop, shop_fountains, uniq_frederick
Vaults:3: ontoclasm_vaults_gateway, nicolae_vaults_puzzle_piece,
          grunt_vaults_swirl, ontoclasm_vaults_decontamination, v_misc_18,
          nicolae_vaults_little_squares_2, vaults_room_door_hall,
          nicolae_vaults_network_quinsquares
          [nicolae_vaults_network_quincunx_subvault,
          nicolae_vaults_network_quincunx_subvault,
          nicolae_vaults_network_quincunx_subvault,
          nicolae_vaults_network_quincunx_subvault], v_alt_pattern_4, v_rooms_3,
          nicolae_vaults_theta, nicolae_vaults_little_ls,
          nicolae_vaults_little_squares_4, layout_vaults_big_cross,
          serial_shops, shop
Vaults:4: gammafunk_ghost_cemetery, vaults_standard_mumra_lines,
          v_alt_pattern_1, gammafunk_the_bubble [the_bubble_gammafunk_grid],
          v_misc_26, hangedman_vaults_maws, vaults_room_door_hall,
          grunt_vaults_diagonal, vaults_room_semicircle,
          nicolae_vaults_circle_grid_a, nicolae_vaults_network_s, v_misc_28,
          ontoclasm_vaults_ring_square, nicolae_vaults_specimen_jars,
          layout_vaults_omnibox, serial_shops, nicolae_diamond_shop
Vaults:5: serial_shops
Crypt:1:  layout_misc_corridors, minmay_misc_feat_ornament,
          grunt_crypt_arrival_webbed
Crypt:2:  layout_catacombs, st_stairs_11, amcnicky_altar_lugonu_corruption
Crypt:3:  david_glass_crypt, layout_misc_corridors, nicolae_crypt_soggy_tomb,
          uniq_boris
Depths:1: layout_cave_shapes, grunt_hell_entry_demonic_statue,
          lemuel_doored_altar, serial_shops, nicolae_lakefront_shop,
          kennysheep_generic_room_13, minmay_shoptagon,
          infiniplex_staircase_pool_lava, uniq_mara, uniq_saint_roka
Depths:2: kennysheep_ambush_hall, layout_cave_pools, pf_hell_entry_tar_river,
          serial_shops, shop, rand_demon_pan_entry_3, lemuel_flamethrower_3
Depths:3: minmay_the_grid_octo_triangle [minmay_the_grid_octo_horde,
          minmay_the_grid_octo_prize_single_spiral,
          minmay_the_grid_octo_checkered], layout_gridlike,
          abyss_entry_small_statue_room, grunt_hell_entry_dis_old,
          nicolae_ru_sacrificial_ziggurat, infiniplex_staircase_zigzag_3
Depths:4: evilmike_zot_entry_gauntlet, layout_cave_pools, enter_ziggurat_d,
          abyss_entry_glasseish, hangedman_coc_ice_floe, nrook_uturn,
          hallowed_hall
Zot:1:    layout_onion_interference
Zot:2:    grunt_zot_stairs_faceoff, layout_basic, grunt_ministairs_14,
          st_stairs_11
Zot:3:    layout_onion, grunt_ministairs_8
Zot:4:    layout_twisted_circle
Zot:5:    layout_basic

Skill      XL: |  1  2  3  4  5  6  7  8  9 10 11 12 13 14 15 16 17 18 19 20 21 22 23 24 25 26 |
---------------+-------------------------------------------------------------------------------+-----
Poison Magic   | 1 2 |  2.4
Fighting       | 2 3 4 5 6 7 8 10 11 12 14 15 16 18 19 20 | 20.0
Transmutations | 3 4 6 7 12 14 | 14.1
Unarmed Combat | 4 5 6 7 10 12 13 14 15 18 19 | 19.7
Dodging        | 2 3 4 6 7 8 10 12 13 14 15 | 15.8
Spellcasting   | 3 4 5 6 7 8 9 11 12 13 | 13.4
Conjurations   | 3 5 7 8 9 10 11 | 11.5
Air Magic      | 4 6 8 10 12 14 15 17 | 17.1
Ice Magic      | 2 5 6 8 |  8.9
Earth Magic    | 5 7 8 |  8.1
Translocations | 7 12 14 16 17 | 17.2
Summonings     | 5 8 11 13 14 | 14.4
Shields        | 5 7 |  7.7
Staves         | 1 |  1.0

Action                   |  1- 3 |  4- 6 |  7- 9 | 10-12 | 13-15 | 16-18 | 19-21 | 22-24 | 25-27 || total
-------------------------+-------+-------+-------+-------+-------+-------+-------+-------+-------++-------
Melee: Unarmed           |   100 |   104 |   217 |   365 |   851 |   859 |  1147 |  1005 |   878 ||  5526
       Tailslap          |    11 |     4 |    11 |    30 |   174 |   199 |   297 |   281 |   225 ||  1232
       Punch             |     2 |       |     6 |    12 |    59 |    94 |   150 |   116 |       ||   439
       Headbutt          |       |       |       |    47 |   276 |   262 |     6 |       |   144 ||   735
       Bite              |       |       |       |       |    34 |       |       |       |       ||    34
       Kick              |       |       |       |       |   207 |   432 |   464 |   173 |       ||  1276
       Pseudopods        |       |       |       |       |   127 |   249 |   337 |   384 |    62 ||  1159
       Staff             |       |       |       |       |       |    29 |     2 |       |       ||    31
 Cast: Spider Form       |     2 |    18 |    20 |    19 |     1 |       |       |       |       ||    60
       Lightning Bolt    |       |       |       |    21 |   126 |    12 |     6 |       |       ||   165
       Freezing Cloud    |       |       |       |    32 |    75 |    43 |     3 |       |       ||   153
       Blade Hands       |       |       |       |       |    41 |    93 |    28 |       |       ||   162
       Ozocubu's Armour  |       |       |       |       |       |     6 |     1 |       |     1 ||     8
       Statue Form       |       |       |       |       |       |       |    49 |    48 |    59 ||   156
       Summon Forest     |       |       |       |       |       |       |     2 |     9 |    11 ||    22
       Malign Gateway    |       |       |       |       |       |       |       |    15 |    25 ||    40
       Manifold Assault  |       |       |       |       |       |       |       |    12 |     1 ||    13
Invok: Oozemancy         |       |       |       |     3 |     1 |       |     1 |     1 |       ||     6
       Slimify           |       |       |       |     2 |       |       |       |       |       ||     2
 Abil: End Transformatio |       |     1 |     1 |     5 |     1 |     1 |       |     1 |       ||    10
       Breathe Lightning |       |       |     3 |     5 |     3 |     4 |       |       |       ||    15
Evoke: Wand              |       |     4 |     2 |     4 |     1 |       |     2 |       |       ||    13
  Use: Scroll            |     4 |     1 |     5 |     2 |    13 |    10 |    11 |     6 |    12 ||    64
       Potion            |     1 |       |       |     2 |       |     3 |     3 |     4 |    25 ||    38
 Stab: Sleeping          |     1 |     3 |       |       |     2 |    11 |     6 |     2 |    10 ||    35
       Paralysed         |       |       |       |     6 |       |       |       |       |       ||     6
       Confused          |       |       |       |       |    20 |     8 |     6 |     7 |     4 ||    45
       Distracted        |       |       |       |       |     1 |     1 |     5 |     6 |    10 ||    23
Armor: Skin              |    27 |    13 |    48 |    50 |   232 |   199 |   424 |   593 |   423 ||  2009
Dodge: Dodged            |    54 |    78 |   164 |   285 |   685 |  1104 |  1596 |  1478 |   973 ||  6417
Block: Other             |       |       |       |       |       |    50 |   512 |   378 |       ||   940
       Buckler           |       |       |       |       |       |       |       |   246 |   730 ||   976

Table legend: (Time is in decaauts)
 A = Elapsed time spent in this place.
 B = Non-inter-level travel time spent in this place.
 C = Inter-level travel time spent in this place.
 D = Time resting spent in this place.
 E = Time spent auto-exploring this place.
 F = Levels seen in this place.
 G = Mean time per level.
                   A        B        C        D        E       F      G
               +--------+--------+--------+--------+--------+-----+--------+
         Total |  54641 |  50448 |   4193 |    632 |  35675 |  62 |  881.3 |
       Dungeon |  16114 |  14602 |   1512 |    405 |  11297 |  15 | 1074.3 |
        Temple |     24 |     13 |     11 |      0 |      3 |   1 |   24.0 |
          Lair |   6050 |   5594 |    456 |      0 |   4463 |   6 | 1008.3 |
         Swamp |   2324 |   2204 |    120 |      0 |   1686 |   4 |  581.0 |
     Snake Pit |   4415 |   4036 |    379 |     82 |   2835 |   4 | 1103.8 |
    Slime Pits |    240 |    186 |     54 |      0 |    126 |   5 |   48.0 |
  Orcish Mines |   1532 |   1358 |    174 |      0 |    966 |   2 |  766.0 |
   Elven Halls |   2974 |   2567 |    407 |      0 |   1591 |   3 |  991.3 |
        Vaults |   7933 |   7318 |    615 |     54 |   4960 |   5 | 1586.6 |
         Crypt |   3711 |   3487 |    224 |     66 |   2345 |   3 | 1237.0 |
        Depths |   3977 |   3920 |     57 |      0 |   2580 |   4 |  994.2 |
           Zot |   2449 |   2270 |    179 |      0 |   1366 |   5 |  489.8 |
         Abyss |   1215 |   1215 |      0 |      0 |    504 |   3 |  405.0 |
      Ice Cave |    929 |    929 |      0 |     19 |    616 |   1 |  929.0 |
    Desolation |    748 |    748 |      0 |      6 |    334 |   1 |  748.0 |
               +--------+--------+--------+--------+--------+-----+--------+

Top non-repeatable levels by time:
Vaults:2: 1852 daAuts
Vaults:5: 1687 daAuts
    D:13: 1623 daAuts
  Lair:6: 1621 daAuts
Vaults:1: 1563 daAuts
Vaults:4: 1551 daAuts
 Snake:4: 1540 daAuts
    D:11: 1527 daAuts
     D:5: 1507 daAuts
   Elf:3: 1473 daAuts
Depths:3: 1425 daAuts
 Crypt:2: 1395 daAuts
 Crypt:3: 1334 daAuts
     D:2: 1280 daAuts
Vaults:3: 1278 daAuts
